AoeStats
← TW_KAKASHI

Nomad

510245884Analyzed
2v2 RM · 2d ago on Sep 30, 2026· 43m 32s· 4 players
Game mode
Random Map
Map size
176×176
Population
200
Speed
Normal
Resources
Standard
Victory
Conquest
Starting age
Dark Age
Ending age
Imperial Age
RankedLock teamsTeams togetherTeam positionsShared explorationLock speedFull tech treeHidden civsTurbo modeCheats
Victory
Defeat
🇺🇸 Spanish · United States
1504
+15
🇨🇦 Saxons · Canada
1407
+20
🇹🇼 Persians · Taiwan
1504
-18
🇦🇷 Magyars · Argentina
1466
-17
Hebron
7:25 Loom
13:48 Feudal Age
15:22 Double-Bit Axe
17:52 Castle Age
20:16 Medium Warships
29:29 Padded Archer Armor
29:21 Fletching
32:20 Leather Archer Armor
34:27 Bodkin Arrow
38:00 Imperial Age
38:10 Bloodlines
38:00 Husbandry
37:53 Horse Collar
38:26 Bow Saw
38:54 Wheelbarrow
38:03 Fishing Lines
39:19 Ring Archer Armor
40:25 Elite Conquistador
42:29 Bracer
Squittlez
11:25 Loom
17:25 Feudal Age
18:04 Fishing Lines
18:22 Double-Bit Axe
18:18 Horse Collar
21:47 Fletching
26:05 Town Watch
30:43 Castle Age
30:29 Stone Mining
31:37 Gillnets
32:16 Scale Mail Armor
33:14 Chain Mail Armor
33:37 Squires
33:31 Gambesons
35:10 Bow Saw
36:47 Forging
36:51 Heavy Plow
41:44 Arson
44:44 Iron Casting
CansadoTarde
9:55 Loom
12:44 Feudal Age
13:52 Double-Bit Axe
16:14 Scale Barding Armor
17:57 Bloodlines
17:38 Horse Collar
20:09 Town Watch
22:58 Castle Age
24:05 Chain Barding Armor
23:06 Light Cavalry
23:47 Husbandry
29:03 Bow Saw
28:56 Elite Skirmisher
29:39 Padded Archer Armor
30:19 Fletching
31:23 Bodkin Arrow
33:30 Ballistics
38:29 Leather Archer Armor
TW_KAKASHI
8:20 Loom
29:04 Feudal Age
37:22 Castle Age
Connection lost

Rejoining the realm…

Still unreachable

The connection could not be restored.

Session expired

The server has moved on; the page needs a fresh start.